Map: Automaton LE

Players

choikimchi - Winner!

  • Race: Zerg Zerg
  • League: Platinum
  • Spawn Location: 3:00

JudyBF

  • Race: Terran Terran
  • League: Diamond
  • Spawn Location: 9:00

VOD

Have the link to the VOD?

Description

Time

  • Played on: Feb. 10, 2019, 6:13 a.m.
  • Length: 15:11
Show
View Real Time Build Order
Export as new Build Order

choikimchi Zerg - Winner!

Build Orders: Hatch First, Brood Lord Corruptor, Muta Ling Bane 

Get SALT Encoding   

  12  0:00  Drone  
  13  0:13  Overlord  
  13  0:18  Drone  
  14  0:31  Drone x2  
  14  0:35  Drone  
  17  0:55  Hatchery  
  16  0:58  Drone  
  16  1:01  Drone  
  18  1:13  Extractor  
  18  1:17  Spawning Pool  
  16  1:21  Drone  
  16  1:24  Drone  
  18  1:28  Drone  
  19  1:38  Overlord  
  19  1:49  Drone  
  20  2:04  Queen  
  20  2:05  Zergling x2  
  20  2:07  Queen  
  20  2:08  Zergling x2  
  26  2:14  Metabolic Boost  
  26  2:18  Drone  
  26  2:21  Drone  
  28  2:29  Drone  
  30  2:30  Drone  
  30  2:49  Hatchery  
  29  2:53  Queen  
  31  3:01  Overlord  
  31  3:02  Drone  
  32  3:08  Drone x2  
  34  3:13  Overlord  
  34  3:19  Drone x2  
  36  3:29  Drone x3  
  36  3:31  Queen  
  41  3:50  Drone x3  
  41  3:51  Overlord  
  41  3:52  Overlord  
  44  3:55  Evolution Chamber  
  44  3:56  Baneling Nest  
  42  4:05  Queen  
  44  4:12  Spore Crawler x2  
  44  4:14  Drone x3  
  44  4:16  Drone  
  46  4:29  Zerg Ground Armor Level 1  
  46  4:30  Zergling x8  
  50  4:51  Extractor, Drone x3  
  50  4:52  Drone  
  53  4:54  Drone x8  
  61  5:00  Queen  
  61  5:02  Overlord  
  61  5:06  Overlord  
  63  5:13  Spore Crawler  
  62  5:24  Drone x4  
  62  5:25  Drone x5  
  71  5:39  Zergling x6  
  71  5:40  Zergling x4  
  71  5:41  Baneling x3  
  71  5:42  Baneling x3  
  76  5:46  Lair  
  76  5:52  Extractor, Evolution Chamber, Drone x2  
  76  5:53  Drone  
  76  5:54  Drone x3  
  76  5:55  Overlord x2  
  77  6:21  Zergling x8  
  77  6:22  Zergling x20  
  86  6:39  Zergling x12  
  89  6:41  Baneling x5  
  89  7:00  Extractor  
  88  7:01  Extractor  
  88  7:03  Hydralisk Den  
  88  7:04  Spire  
  88  7:07  Drone x3  
  88  7:08  Drone x3  
  91  7:11  Zergling x10  
  91  7:12  Zerg Melee Weapons Level 1  
  96  7:29  Hatchery  
  95  7:31  Centrifical Hooks  
  95  7:32  Overlord x2  
  95  7:33  Overlord x2  
  95  7:35  Muscular Augments  
  95  7:37  Hatchery  
  94  7:39  Zerg Ground Armor Level 2  
  94  7:46  Overseer  
  94  7:51  Zergling x4  
  94  7:52  Zergling x22  
  107  8:05  Drone x5  
  112  8:12  Baneling x2  
  112  8:13  Baneling x2  
  112  8:24  Zergling x4  
  112  8:25  Zergling x18  
  92  8:46  Mutalisk x7  
  105  9:04  Zergling x2  
  105  9:05  Zergling x30  
  115  9:13  Drone x2  
  106  9:19  Mutalisk x3, Zerg Flyer Armor Level 1  
  106  9:22  Zergling x14  
  119  9:25  Baneling x5  
  119  9:27  Baneling  
  119  9:29  Baneling  
  119  9:31  Baneling  
  119  9:32  Extractor  
  118  9:44  Zerg Melee Weapons Level 2  
  118  9:52  Infestation Pit  
  117  9:54  Extractor  
  117  9:59  Mutalisk  
  118  10:03  Zergling x12  
  118  10:04  Zergling x20  
  118  10:06  Overlord x3  
  118  10:07  Overlord x2  
  134  10:15  Extractor  
  119  10:32  Hive  
  119  10:34  Grooved Spines  
  119  10:35  Hydralisk x6  
  131  10:44  Drone  
  131  10:45  Drone x5  
  137  10:50  Drone x2  
  137  10:51  Drone x4  
  137  10:53  Zergling x22  
  137  10:54  Zergling x2  
  155  11:10  Baneling x5  
  155  11:11  Baneling x3  
  155  11:19  Drone  
  112  11:58  Greater Spire  
  112  12:01  Corruptor x12  
  111  12:04  Zergling x18  
  111  12:05  Zergling x30  
  111  12:06  Zergling x2  
  160  12:19  Zerg Ground Armor Level 3  
  160  12:26  Ultralisk Cavern  
  159  12:38  Hatchery  
  159  12:40  Extractor x2, Overlord x4  
  156  13:10  Brood Lord  
  156  13:11  Brood Lord x5  
  168  13:13  Brood Lord  
  170  13:44  Drone x3  
  170  13:45  Drone x3  
  170  13:48  Brood Lord x5  
  184  13:53  Zergling x18  
  184  13:54  Zergling x8  
  199  14:36  Baneling x3  
  199  14:37  Baneling x7  
  199  14:38  Baneling x2  
Show
View Real Time Build Order
Export as new Build Order

JudyBF Terran 

Build Orders: Reaper Expand 

Get SALT Encoding   

  12  0:02  SCV  
  13  0:14  SCV  
  13  0:18  Supply Depot  
  14  0:26  SCV  
  15  0:40  SCV  
  15  0:42  Barracks  
  16  0:47  Refinery  
  16  0:53  SCV  
  17  1:05  SCV  
  18  1:17  SCV  
  19  1:29  Orbital Command  
  19  1:31  Reaper  
  20  1:43  Command Center  
  20  1:53  Barracks  
  20  1:58  SCV  
  21  2:13  SCV, Supply Depot  
  22  2:17  Barracks Reactor, Refinery  
  22  2:25  SCV  
  23  2:33  Factory  
  23  2:37  SCV  
  23  2:43  Barracks Tech Lab  
  24  2:49  SCV  
  24  3:01  SCV, Marine x2  
  24  3:02  Marine  
  24  3:03  Orbital Command  
  28  3:07  Stimpack  
  28  3:13  SCV  
  29  3:22  Starport  
  29  3:26  SCV  
  30  3:30  Factory Reactor  
  30  3:31  Marine x2  
  32  3:36  SCV  
  33  3:42  Supply Depot  
  33  3:43  Marine  
  34  3:48  SCV  
  34  3:49  Marine  
  34  3:51  Marine  
  34  3:55  SCV  
  38  4:00  SCV  
  38  4:01  Marine  
  40  4:07  Marine  
  40  4:09  Marine  
  42  4:11  Supply Depot  
  42  4:12  SCV  
  43  4:19  Marine  
  44  4:25  SCV x2, Marine  
  49  4:37  SCV  
  48  4:39  Engineering Bay  
  48  4:44  Engineering Bay  
  48  4:46  SCV, Supply Depot, Marine x2  
  48  4:48  Medivac x2  
  48  4:49  SCV  
  48  4:51  Marine  
  57  4:58  SCV  
  58  5:01  SCV  
  58  5:02  Factory Tech Lab  
  58  5:04  Marine  
  60  5:07  Barracks  
  60  5:10  SCV  
  60  5:13  SCV, Marine x2  
  64  5:16  Terran Infantry Armor Level 1, Terran Infantry Weapons Level 1  
  64  5:20  Refinery  
  64  5:21  Refinery  
  64  5:22  SCV  
  64  5:26  SCV  
  66  5:30  Siege Tank  
  66  5:35  Combat Shield  
  70  5:41  SCV x2  
  70  5:42  Supply Depot  
  72  5:46  Supply Depot, Marine x2  
  72  5:47  Marine  
  74  5:53  SCV x2  
  74  5:55  Barracks Reactor  
  76  5:59  Command Center  
  76  6:10  SCV  
  77  6:11  Siege Tank  
  77  6:12  Marine x3  
  77  6:13  Medivac  
  85  6:39  Marine x2  
  82  6:40  Marine x3  
  82  6:52  Siege Tank, Medivac  
  82  6:53  Medivac  
  84  6:55  SCV x2  
  84  6:57  Marine x3  
  84  7:00  Armory  
  89  7:03  Marine x2  
  91  7:15  Marine x3  
  94  7:24  Marine x2  
  94  7:25  Supply Depot  
  94  7:26  Siege Tank  
  99  7:33  Marine  
  99  7:34  Barracks  
  99  7:36  Marine x2  
  102  7:42  Marine x2  
  104  7:51  SCV x2, Marine  
  106  7:53  Orbital Command  
  106  7:54  Marine  
  108  8:03  SCV x2  
  110  8:08  Marine x2  
  110  8:09  Barracks  
  112  8:12  Marine  
  112  8:13  Marine x2  
  112  8:15  Medivac  
  117  8:28  Siege Tank, SCV  
  117  8:29  Medivac  
  117  8:30  Marine x2  
  117  8:31  Marine x3  
  100  8:40  Terran Infantry Weapons Level 2, Terran Infantry Armor Level 2  
  94  8:42  Terran Vehicle Weapons Level 1, SCV x3  
  94  8:48  Marine x4  
  97  8:49  Marine  
  97  8:50  Barracks Tech Lab  
  97  8:51  Concussive Shells  
  102  8:57  Barracks Reactor  
  102  9:00  Barracks  
  102  9:02  SCV x2  
  101  9:06  Marine x2  
  101  9:08  Marine  
  101  9:09  Marine x2  
  104  9:11  Siege Tank  
  105  9:19  Marine  
  105  9:20  SCV x3  
  105  9:24  Marine x2  
  109  9:25  Command Center  
  109  9:27  Medivac  
  109  9:28  Medivac  
  109  9:30  Marine x2  
  117  9:39  Supply Depot  
  117  9:40  Supply Depot  
  117  9:45  Refinery  
  117  9:48  Siege Tank, SCV x3  
  117  9:50  Marauder  
  125  9:53  Supply Depot  
  125  10:00  Marauder  
  125  10:02  Supply Depot  
  125  10:04  SCV x2  
  129  10:07  Refinery  
  129  10:10  Supply Depot  
  129  10:11  Marauder  
  131  10:17  Marine x4  
  132  10:21  Marine x2  
  132  10:22  Thor, Marauder  
  132  10:23  Medivac  
  129  10:28  SCV x2  
  129  10:30  Missile Turret  
  130  10:35  Missile Turret  
  130  10:37  Marine x2  
  130  10:39  Barracks Tech Lab  
  130  10:40  Missile Turret  
  131  10:43  Marine x2  
  131  10:46  Factory  
  133  10:53  Marine x2  
  135  11:02  Barracks  
  135  11:03  Barracks  
  135  11:09  Thor  
  135  11:11  Drilling Claws  
  141  11:23  Sensor Tower  
  141  11:26  Missile Turret x2  
  141  11:30  Missile Turret  
  141  11:31  Missile Turret, Marine x2  
  142  11:40  SCV x3  
  142  11:43  Factory Reactor  
  145  11:47  Marine  
  145  11:48  Marauder x3  
  145  11:49  Marine  
  145  11:51  Missile Turret, Marine x3  
  145  11:53  Missile Turret  
  117  11:54  Marine  
  117  11:56  Liberator  
  117  12:00  Terran Infantry Weapons Level 3  
  118  12:03  Planetary Fortress  
  118  12:05  SCV x2, Marine  
  118  12:06  Marine  
  118  12:08  Barracks Tech Lab x2  
  122  12:09  Marine x2  
  122  12:10  Marine x2, Marauder  
  131  12:18  Widow Mine  
  131  12:20  Widow Mine x2  
  137  12:28  Sensor Tower  
  137  12:29  Marine x3  
  139  12:30  Missile Turret  
  139  12:32  Marauder x2  
  139  12:33  Marauder  
  139  12:35  SCV x2  
  149  12:38  Liberator  
  149  12:40  Widow Mine  
  150  12:44  Liberator  
  150  12:51  Missile Turret  
  150  12:52  Marine x2  
  150  12:57  Widow Mine x2  
  161  13:01  Widow Mine  
  161  13:02  Marine x3  
  161  13:03  Marauder x2, Marine x2  
  161  13:04  Marauder x2  
  177  13:07  SCV x2  
  177  13:10  Marine  
  177  13:11  Supply Depot x2  
  177  13:12  Supply Depot  
  180  13:32  Marine x4  
  180  13:33  Marauder, Marine x3, Widow Mine  
  180  13:34  Marine x2  
  192  13:36  Widow Mine  
  192  13:37  Widow Mine  
  192  13:40  SCV  
  198  13:50  Refinery  
  198  13:52  Command Center  
  198  13:53  Starport  
  198  14:01  Marauder  
  200  14:13  Sensor Tower  
  200  14:29  Refinery  
Tags
 
Add a new tag
Caveats
  • Supply blocks, unpowered buildings, or Contaminate may cause inaccurate times.
  • Supply counts are checked every 10 seconds.